 Dungeon Crawl Stone Soup version 0.20-b1-2-gc5a9893 (webtiles) character file.

108 bobbobbob the Sneak (level 4, -1/21 HPs)
             Began as a Spriggan Enchanter on May 20, 2017.
             Slain by turnburgler's ghost (10 damage)
             ... on level 3 of the Dungeon on May 21, 2017.
             The game lasted 00:35:54 (3959 turns).

bobbobbob the Sneak (Spriggan Enchanter)            Turns: 3959, Time: 00:35:55

Health: -1/21      AC:  2    Str:  4    XL:     4   Next: 58%
Magic:  0/10       EV: 19    Int: 16    God:
Gold:   139        SH:  0    Dex: 17    Spells: 3/10 levels left

rFire    . . .     SeeInvis +   a - +1 dagger
rCold    . . .     Gourm    .   (shield restricted)
rNeg     . . .     Faith    .   b - +0 robe
rPois    .         Spirit   .   (helmet restricted)
rElec    .         Reflect  .   (no cloak)
rCorr    .         Harm     .   (gloves unavailable)
MR       .....                  (boots unavailable)
Stlth    +++.......             (no amulet)
Regen    0.1/turn               (no ring)
MPRegen  0.2/turn               (no ring)

@: very quick
A: unfitting armour, see invisible, herbivore 3, speed 3, slow metabolism 2
a: no special abilities


You were on level 3 of the Dungeon.
You were full.

You visited 1 branch of the dungeon, and saw 3 of its levels.

You collected 139 gold pieces.

Inventory:

Hand Weapons
 a - a +1 dagger (weapon)
Armour
 b - a +0 robe (worn)
Jewellery
 g - an uncursed ring of resist corrosion {unknown}
 n - an uncursed ring of poison resistance {unknown}
Scrolls
 e - a scroll of fog {unknown}
 f - 2 scrolls of identify {unknown}
 h - a scroll of teleportation {unknown}
 i - a scroll of enchant weapon {unknown}
 j - a scroll of blinking {unknown}
 k - a scroll of magic mapping {unknown}
Potions
 l - 2 potions of degeneration {unknown}
 m - a potion of mutation {unknown}
 o - a potion of agility {unknown}
Books
 c - a book of Maledictions

   Spells                             Type                      Level
   a - Corona                         Hexes                        1
   b - Ensorcelled Hibernation        Hexes/Ice                    2
   c - Confuse                        Hexes                        3
   d - Tukima's Dance                 Hexes                        3
   e - Dazzling Spray                 Conjuration/Hexes            3
Comestibles
 d - 2 bread rations


   Skills:
 + Level 0.7 Fighting
 + Level 2.0 Short Blades
 + Level 3.9 Dodging
 + Level 5.5 Stealth
 + Level 3.5 Spellcasting
 + Level 4.3 Hexes


You had 3 spell levels left.
You knew the following spells:

 Your Spells              Type           Power        Failure   Level  Hunger
a - Corona                Hex            ###....      3%          1    None
b - Tukima's Dance        Hex            ###.....     9%          3    ###....
c - Dazzling Spray        Conj/Hex       #.....       22%         3    ###....


Dungeon Overview and Level Annotations

Branches:
Dungeon (3/15)

Altars:
Ashenzari
Xom
Zin

Annotations:
D:3 turnburgler's ghost, amateur DrBe


Innate Abilities, Weirdness & Mutations

You are very small and have problems with some larger weapons.
You are too small for most types of armour.
You have supernaturally acute eyesight. (SInv)
You are a herbivore.
You cover ground extremely quickly.
You need consume almost no food.


Message History

Aim: turnburgler's ghost The spray of energy hits turnburgler's ghost.
Turnburgler's ghost is lightly damaged.
Turnburgler's ghost misses you.
Casting: Dazzling Spray
Confirm with . or Enter, or press ? or * to list all spells.
You don't have enough magic to cast that spell.
Unknown command.
Casting: Dazzling Spray
Confirm with . or Enter, or press ? or * to list all spells.
Aiming: Corona
Press: ? - help, Shift-Dir - straight line, f/p - turnburgler's ghost
Aim: turnburgler's ghost (lightly damaged, chance to defeat MR: 49%) Turnburgler's ghost resists with significant effort.
Turnburgler's ghost barely misses you.
You hit turnburgler's ghost but do no damage.
Turnburgler's ghost is lightly damaged.
Turnburgler's ghost hits you! Turnburgler's ghost hits you!
You die...

............#
............#
............#
............###
....>.........g
####.......#
.s.........#
...........#######
.....####.......@#+#####
.......?.......<.W......
.....#.....#####.)..####
####.#.....# ##....####
#.#.....####........#
#.+........+..(....[.
###.....###..........
######.......#.#####....
#........_[....# ....


You could see turnburgler's ghost.

Vanquished Creatures
  Terence (D:2)
  Robin (D:2)
  An ooze (D:2)
  2 leopard geckos
  An orc (D:2)
  3 giant cockroaches
  17 goblins
  10 hobgoblins
  2 jackals (D:2)
  2 quokkas (D:2)
  4 bats
  2 frilled lizards (D:1)
  7 kobolds
  6 rats
59 creatures vanquished.

Vanquished Creatures (others)
  A dancing weapon (D:2)
1 creature vanquished.

Grand Total: 60 creatures vanquished

Notes
Turn   | Place    | Note
-------+----------+-------------------------------------------
     0 | D:1      | bobbobbob the Spriggan Enchanter began the quest for the Orb.
     0 | D:1      | Reached XP level 1. HP: 9/9 MP: 5/5
   150 | D:1      | Reached XP level 2. HP: 13/13 MP: 3/6
   849 | D:2      | Reached skill level 5 in Stealth
   849 | D:2      | Reached XP level 3. HP: 16/16 MP: 6/8
   901 | D:2      | Noticed Robin
  1349 | D:2      | Found a shattered altar of Ashenzari.
  2231 | D:2      | Noticed Terence
  2235 | D:2      | Killed Terence
  2235 | D:2      | Reached XP level 4. HP: 21/21 MP: 9/9
  2502 | D:2      | Learned a level 3 spell: Tukima's Dance
  2506 | D:2      | Learned a level 3 spell: Dazzling Spray
  2797 | D:2      | Killed Robin
  2961 | D:3      | Noticed turnburgler's ghost (amateur DrBe)
  3333 | D:3      | Found a shimmering altar of Xom.
  3333 | D:3      | Found a glowing silver altar of Zin.
  3333 | D:3      | Noticed an angel
  3566 | D:2      | Upgraded the game from 0.21-a0-1-gaf3b9a5 to 0.20-b1-2-gc5a9893
  3959 | D:3      | Slain by turnburgler's ghost

Skill      XL: |  1  2  3  4 |
---------------+-------------+-----
Hexes          | 4 |  4.3
Stealth        | 5 |  5.5
Spellcasting   | 3 |  3.5
Short Blades   | 2 |  2.0
Fighting       | |  0.7
Dodging        | |  3.9

Action                   |  1- 3 |  4- 6 || total
-------------------------+-------+-------++-------
Melee: Dagger            |   116 |   101 ||   217
 Cast: Corona            |    30 |    19 ||    49
       Dazzling Spray    |       |    18 ||    18
       Tukima's Dance    |       |     3 ||     3
 Stab: Sleeping          |    13 |     1 ||    14
       Distracted        |     2 |     2 ||     4
       Invisible         |       |     1 ||     1
  Eat: Bread ration      |       |     1 ||     1
       Royal jelly       |       |     1 ||     1
Armor: Robe              |     9 |     3 ||    12
Dodge: Dodged            |    84 |   106 ||   190
